 Dungeon Sprint DCSS version 0.22.0-18-ge075c0d (webtiles) character file.

523 poirepourri the Severer (level 9, -4/100 HPs)
             Began as a Minotaur Fighter on Aug 18, 2018.
             Was an Initiate of Gozag.
             Killed from afar by an air elemental (8 damage)
             ... with a tornado
             ... in the Dungeon (Sprint VI: "Thunderdome").
             The game lasted 00:03:58 (860 turns).

poirepourri the Severer (Minotaur Fighter)           Turns: 860, Time: 00:03:58

Health: -4/100     AC:  6    Str: 34    XL:     9   Next: 80%
Magic:  8/8        EV:  9    Int:  2    God:    Gozag
Gold:   182        SH: 13    Dex: 13    Spells: 8/8 levels left

rFire    + . .     SeeInvis .   a - +0 war axe (flame)
rCold    + + .     Gourm    .   c - +0 shield
rNeg     . . .     Faith    .   b - +0 scale mail
rPois    +         Spirit   .   (helmet restricted)
rElec    +         Reflect  .   (no cloak)
rCorr    +         Harm     .   (no gloves)
MR       +++..     NoTele   +   (no boots)
Stlth    ..........             q - amulet of the Monkey {Acrobat MR+++ Str+5 Int-3 Slay-2}
HPRegen  0.26/turn              d - ring "Xicum" {rC+ Str+4}
MPRegen  0.11/turn              r - ring of the Beggars {*Slow rElec Str+4 Slay+1}

@: resistant, gold aura, flying (expiring)
A: retaliatory headbutt, horns 2
}: 1/15 runes: serpentine
a: Potion Petition, Call Merchant, Bribe Branch, Renounce Religion


You were in the Dungeon.
You worshipped Gozag.
Gozag was aware of your devotion.
You were not hungry.

You visited 1 branch You collected 2272 gold pieces.
You spent 1220 gold pieces at shops.
You paid 870 gold pieces to Gozag.

Inventory:

Hand Weapons
 a - a +0 war axe of flaming (weapon)
Armour
 b - a +0 scale mail (worn)
 c - a +0 shield (worn)
Jewellery
 d - the ring "Xicum" (left hand) {rC+ Str+4}
   (You bought it in a shop in the Dungeon)

   [ring of protection from cold]

   It affects your strength (+4).
   It protects you from cold.
 p - the ring "Kathris" {Str-3 Dex+7}
   (You bought it in a shop in the Dungeon)

   [ring of strength]

   It affects your strength (-3).
   It affects your dexterity (+7).
 q - the amulet of the Monkey (around neck) {Acrobat MR+++ Str+5 Int-3 Slay-2}
   (You bought it in a shop in the Dungeon)

   [amulet of the acrobat]

   It helps you evade while moving and waiting.
   It affects your strength (+5).
   It affects your intelligence (-3).
   It affects your accuracy and damage with ranged weapons and melee attacks
   (-2).
   It affects your resistance to hostile enchantments.
 r - the ring of the Beggars (right hand) {*Slow rElec Str+4 Slay+1}
   (You bought it in a shop in the Dungeon)

   [ring of slaying]

   It affects your strength (+4).
   It affects your accuracy and damage with ranged weapons and melee attacks
   (+1).
   It insulates you from electricity.
   It may slow you when you take damage.
 s - the ring "Ypoe" {Str+3 Int-4 Slay+5 Stlth+}
   (You bought it in a shop in the Dungeon)

   [ring of strength]

   It affects your strength (+3).
   It affects your intelligence (-4).
   It affects your accuracy and damage with ranged weapons and melee attacks
   (+5).
   It makes you more stealthy.
 t - the amulet of Cucoasoj {rPois Regen+ Int-2 Slay+6 SInv, unknown}
   (You bought it in a shop in the Dungeon)

   [amulet of regeneration]

   It affects your intelligence (-2).
   It affects your accuracy and damage with ranged weapons and melee attacks
   (+6).
   It protects you from poison.
   It lets you see invisible.
   It increases your rate of regeneration.
Wands
 m - a wand of acid (5)
 n - a wand of iceblast (1)
Scrolls
 j - 14 scrolls of remove curse
 k - 4 scrolls of blinking
 o - 3 scrolls of fog
Potions
 e - a potion of curing
 g - 2 potions of heal wounds
 h - 4 potions of haste
 i - 2 potions of magic
Comestibles
 f - a ration


   Skills:
 - Level 16.0 Fighting
 - Level 16.1 Axes
 - Level 3.6 Armour
 + Level 9.9 Shields


You had 8 spell levels left.
You didn't know any spells.
Your spell library was empty.

Dungeon Overview and Level Annotations

Branches:
Dungeon (1/1)

Altars:
Cheibriados
Dithmenos
Fedhas
Gozag
Kikubaaqudgha
Makhleb
Okawaru
Qazlal
Ru
Sif Muna
Trog
Uskayaw
Vehumet
Wu Jian
Xom
Yredelemnul
Zin
The Shining One
Beogh
Jiyva
Lugonu

Shops:
D *[%??*?*:[((!!!!


Innate Abilities, Weirdness & Mutations

You reflexively headbutt those who attack you in melee.
You have a pair of horns on your head.


Message History

The air elemental hits you but does no damage.
The air elemental is engulfed in a cloud of scalding steam.
You block the air elemental's attack. You block the steam dragon's attack.
The steam dragon claws you.
* * * LOW HITPOINT WARNING * * *
The steam dragon barely misses you. The steam dragon claws you.
* * * LOW HITPOINT WARNING * * *
The air elemental is engulfed in a cloud of scalding steam.
The air elemental hits you!
* * * LOW HITPOINT WARNING * * *
Unknown command.
Unknown command.
You need at least 400 gold to purchase potions right now!
You are too injured to fight recklessly!
You hit the steam dragon. You burn the steam dragon.
The steam dragon is moderately wounded.
You slash the steam dragon! You burn the steam dragon.
You closely miss the air elemental.
You die...
Your body crumbles into a pile of gold.

##⌠⌠⌠## #.....# ##.....##
##∩.....∩## #∩.......∩#
#_......._# #_§§§§§.._#
#§§§D§..._# ###§§E@D....###
#⌠..§§§§.....⌠#
######.8§§§§§....8.######
##∩___...§..###......__.∩##
###∩.......(8.# #.8........∩###
##.((.)........###.............#
#⌠..........###...###..........⌠
#⌠..(.......# #.<.# #..........⌠
#⌠...((.....###...###..........⌠


You could see an air elemental and 2 steam dragons.

Vanquished Creatures
  An anaconda (D)
  An air elemental (D)
  6 wolves (D)
  4 jellies (D)
  7 oozes (D)
  4 kobolds (D)
23 creatures vanquished.

Vanquished Creatures (others)
  2 kobolds (D)
2 creatures vanquished.

Grand Total: 25 creatures vanquished

Notes
Turn   | Place    | Note
-------+----------+-------------------------------------------
     0 | D        | poirepourri the Minotaur Fighter began the quest for the Orb.
     0 | D        | Reached XP level 1. HP: 19/19 MP: 0/0
     3 | D        | Found a shadowy altar of Dithmenos.
     3 | D        | Found a glowing silver altar of Zin.
     4 | D        | Found a shimmering altar of Xom.
     4 | D        | Found an iron altar of Okawaru.
     5 | D        | Found a stormy altar of Qazlal.
     5 | D        | Round 1.
     6 | D        | Found Engyeceb's Delicious Food.
     6 | D        | Found a corrupted altar of Lugonu.
     6 | D        | Found a radiant altar of Vehumet.
     6 | D        | Found a sacrificial altar of Ru.
     6 | D        | Found Fumosh's Identification Station.
     7 | D        | Found Esut's Jewellery.
     7 | D        | Found Unues's Advanced Armour.
    17 | D        | Bought a smoking jade ring for 45 gold pieces
    17 | D        | Bought a scorched platinum amulet for 45 gold pieces
    17 | D        | Bought an ancient marble ring for 45 gold pieces
    17 | D        | Identified the cursed ring "Kathris" {Str-3 Dex+7} (You bought it in a shop in the Dungeon)
    18 | D        | Identified the ring of the Beggars {*Slow rElec Str+4 Slay+1} (You bought it in a shop in the Dungeon)
    19 | D        | Identified the amulet of the Monkey {Acrobat MR+++ Str+5 Int-3 Slay-2} (You bought it in a shop in the Dungeon)
    23 | D        | Found a glowing golden altar of the Shining One.
    27 | D        | Found an opulent altar of Gozag.
    28 | D        | Found an ancient bone altar of Kikubaaqudgha.
    28 | D        | Found Aruzid's Premium Goods.
    29 | D        | Found Doiph's Miscellaneous Merchandise.
    29 | D        | Found Fauho's Basic Armour.
    30 | D        | Found a hide-covered altar of Uskayaw.
    30 | D        | Found a basalt altar of Yredelemnul.
    30 | D        | Found a snail-covered altar of Cheibriados.
    30 | D        | Found Soelaj's Weapon Rack.
    35 | D        | Reached skill level 5 in Axes
    35 | D        | Reached XP level 2. HP: 26/26 MP: 1/1
    36 | D        | Found a viscous altar of Jiyva.
    43 | D        | Found an ornate altar of the Wu Jian Council.
    43 | D        | Found Ozu Jeicatz's Do-It-Yourself Clinic.
    43 | D        | Found Huqiguc's Bottled Wisdom.
    55 | D        | Became a worshipper of Gozag Ym Sagoz the Greedy
    73 | D        | Reached XP level 3. HP: 25/31 MP: 2/2
    76 | D        | Found Dedani's Distillery.
    77 | D        | Found a deep blue altar of Sif Muna.
    77 | D        | Found a roughly hewn altar of Beogh.
    77 | D        | Found Syklefum's Distillery.
    81 | D        | Found a bloodstained altar of Trog.
    86 | D        | Found a burning altar of Makhleb.
    86 | D        | Found a blossoming altar of Fedhas.
    86 | D        | Found Gucirr's Staff Store.
    86 | D        | Found Girust's Must-Have Magic.
    87 | D        | Found Daybus's Magic Scroll Shop.
    88 | D        | Found Yteli's Magic Scroll Shop.
    93 | D        | Reached XP level 4. HP: 34/39 MP: 3/3
   109 | D        | Arena points: 12 (+12) [x2]
   149 | D        | Round 2.
   157 | D        | Reached skill level 10 in Axes
   237 | D        | Reached XP level 5. HP: 40/45 MP: 4/4
   280 | D        | Bought a potion of experience for 300 gold pieces
   280 | D        | Reached XP level 6. HP: 51/51 MP: 5/5
   322 | D        | Arena points: 54 (+42) [x3]
   344 | D        | Round 3.
   362 | D        | Arena points: 138 (+84) [x4]
   424 | D        | Round 4.
   459 | D        | Reached XP level 7. HP: 42/70 MP: 6/6
   461 | D        | Reached skill level 10 in Fighting
   539 | D        | Arena points: 278 (+140) [x5]
   612 | D        | Round 5.
   612 | D        | Noticed a giant anaconda
   613 | D        | Noticed a naga warrior
   633 | D        | Killed a giant anaconda
   633 | D        | Arena points: 523 (+245) [x7]
   633 | D        | Reached XP level 8. HP: 7/93 MP: 7/7
   637 | D        | Got a serpentine rune of Zot
   640 | D        | Reached XP level 9. HP: 7/100 MP: 8/8
   663 | D        | Bought a scroll of brand weapon for 200 gold pieces
   663 | D        | Bought 15 scrolls of remove curse for 450 gold pieces
   677 | D        | Bought a brightly glowing wooden ring for 45 gold pieces
   678 | D        | Identified the ring "Xicum" {rC+ Str+4} (You bought it in a shop in the Dungeon)
   679 | D        | Bought a fine brass ring for 45 gold pieces
   680 | D        | Lost intelligence.
   680 | D        | Identified the ring "Ypoe" {Str+3 Int-4 Slay+5 Stlth+} (You bought it in a shop in the Dungeon)
   687 | D        | Bought a coiled diamond amulet for 45 gold pieces
   818 | D        | Round 6.
   859 | D        | HP: 4/100 [air elemental (8)]
   860 | D        | Killed from afar by an air elemental

Skill      XL: |  1  2  3  4  5  6  7  8  9 |
---------------+----------------------------+-----
Axes           | 5 8 9 11 16 | 16.1
Fighting       | 9 16 | 16.0
Shields        | 8 9 |  9.9
Armour         | |  3.6

Action                   |  1- 3 |  4- 6 |  7- 9 || total
-------------------------+-------+-------+-------++-------
Melee: War axe           |     9 |    32 |    24 ||    65
       Headbutt          |     3 |     5 |     8 ||    16
Invok: Potion Petition   |       |     1 |     1 ||     2
Evoke: Wand              |       |     4 |       ||     4
  Use: Potion            |       |     1 |     6 ||     7
       Scroll            |       |       |     2 ||     2
 Stab: Distracted        |       |       |     1 ||     1
Armor: Scale mail        |     2 |     4 |     2 ||     8
Dodge: Dodged            |     2 |     9 |    13 ||    24
Block: Shield            |     3 |    15 |    21 ||    39
